 Dungeon Crawl Stone Soup version 0.30.0-10-gfe55d96785 (webtiles) character file.

Game seed: 3733970324133398836

1795 gelatine the Trooper (level 8, -1/61 HPs)
             Began as a Demonspawn Fighter on May 13, 2023.
             Slain by an orc warrior
             ... wielding a +0 long sword
              (9 damage)
             ... on level 6 of the Dungeon.
             The game lasted 00:14:05 (4826 turns).

gelatine the Trooper (Demonspawn Fighter)           Turns: 4826, Time: 00:14:06

Health: -1/61      AC:  5    Str: 18    XL:     8   Next: 83%
Magic:  12/12      EV: 12    Int:  9    God:
Gold:   285        SH:  6    Dex: 14    Spells: 12/12 levels left

rFire   + . .        a - +0 war axe
rCold   . . .        c - +1 buckler
rNeg    . . .        D - +0 leather armour "Wuvif" {rElec}
rPois   .            q - +0 helmet
rElec   +            i - scarf {repulsion}
rCorr   .            r - +0 pair of gloves
SInv    .            (no boots)
Will    .....        (no amulet)
Stlth   ++           e - ring of protection from fire
HPRegen 0.30/turn    (no ring)
MPRegen 0.13/turn

%: repel missiles
@: no status effects
A: spiny 1, demonic touch 2
a: no special abilities


You were on level 6 of the Dungeon.
You visited 1 branch of the dungeon, and saw 6 of its levels.
You also visited: Sewer.

You collected 285 gold pieces.

Inventory:

Hand Weapons
 a - a +0 war axe (weapon)
 A - a +3 dagger
Missiles
 m - 3 boomerangs (quivered)
 n - 6 poisoned darts
 p - 6 curare-tipped darts
Armour
 c - a +1 buckler (worn)
 i - a scarf of repulsion (worn)
 q - a +0 helmet (worn)
 r - a +0 pair of gloves (worn)
 D - the +0 leather armour "Wuvif" (worn) {rElec}
   (You found it on level 4 of the Dungeon)

   rElec:     It insulates you from electricity.
 F - a +0 tower shield
Magical Staves
 l - a staff of cold
 t - a staff of earth
Jewellery
 b - a ring of positive energy
 e - a ring of protection from fire (left hand)
 h - a ring of ice
 v - a ring of magical power
Scrolls
 f - a scroll of butterflies
 g - a scroll of poison
 j - 2 scrolls of vulnerability
 o - 4 scrolls of enchant armour
 w - a scroll of amnesia
 y - 3 scrolls of teleportation
 B - a scroll of enchant weapon
 C - a scroll of fear
 E - a scroll of immolation {unknown}
Potions
 d - 2 potions of might
 k - a potion of berserk rage
 s - a potion of resistance
 u - a potion of attraction {unknown}
 x - 2 potions of curing {unknown}
 z - a potion of mutation {unknown}


   Skills:
 * Level 4.6 Fighting
 + Level 4.2 Axes
 + Level 2.0 Staves
 + Level 1.5 Throwing
 * Level 4.3 Armour
 * Level 3.2 Dodging
 * Level 3.2 Stealth
 * Level 4.2 Shields
 + Level 2.7 Spellcasting
 + Level 2.5 Ice Magic
 * Level 3.1 Evocations


You had 12 spell levels left.
You didn't know any spells.
Your spell library contained the following spells:

 Spells                   Type           Power      Damage    Failure   Level
 Shock                    Conj/Air       4%         1d3       41%         1
 Frozen Ramparts          Ice            10%        1d2       43%         3
 Static Discharge         Conj/Air       2%         2-3/arc   56%         2
 Swiftness                Air            1%         N/A       80%         3
 Tukima's Dance           Hex            1%         N/A       80%         3
 Ice Form                 Ice/Tmut       3%         N/A       95%         4
 Summon Ice Beast         Ice/Summ       3%         N/A       95%         4
 Airstrike                Air            0%         2d(1-17)  99%         4
 Animate Armour           Summ/Erth      2%         N/A       99%         4
 Passage of Golubria      Tloc           1%         N/A       99%         4
 Summon Lightning Spire   Summ/Air       1%         N/A       99%         4
 Blade Hands              Tmut           0%         N/A       100%        5
 Yara's Violent Unravell  Hex/Tmut       0%         3d3       100%        5
 Iron Shot                Conj/Erth      0%         9d1       100%        6


Dungeon Overview and Level Annotations

Branches:
Dungeon (6/15)             Temple (0/1) D:5           Sewer (visited)

Altars:
Makhleb
Vehumet

Annotations:
D:5 2 runed translucent doors, Dordric's ghost, novice TrWr
D:6 1 runed translucent door, avangion's ghost, novice DECj


Innate Abilities, Weirdness & Mutations

You are partially covered in sharp spines.
Your touch may inflict irresistible damage on your foes.


Message History

The orc warrior hits you with a +0 long sword.
You barely miss the orc warrior.
The orc warrior is heavily wounded.
The orc warrior hits you with a +0 long sword. x2
You barely miss the orc warrior.
The orc warrior is heavily wounded.
The orc warrior closely misses you.
You barely miss the orc warrior.
The orc warrior is heavily wounded.
The orc warrior is struck by your spines.
The orc warrior barely misses you.
You hit the orc warrior but do no damage.
The orc warrior is severely wounded.
You block the orc warrior's attack.
You barely miss the orc warrior.
The orc warrior is severely wounded.
The orc warrior hits you with a +0 long sword!
The orc warrior is struck by your spines.
The orc warrior hits you but does no damage.
You hit the orc warrior.
The orc warrior is almost dead.
The orc warrior hits you with a +0 long sword.
You hit the orc warrior.
The orc warrior is almost dead.
The orc warrior is struck by your spines.
The orc warrior barely misses you.
The orc warrior hits you with a +0 long sword.
You closely miss the orc warrior.
The orc warrior is almost dead.
You block the orc warrior's attack.
You closely miss the orc warrior.
The orc warrior is almost dead.
The orc warrior hits you with a +0 long sword!
* * * LOW HITPOINT WARNING * * *
You hit the orc warrior.
The orc warrior is almost dead.
The orc warrior hits you with a +0 long sword.
* * * LOW HITPOINT WARNING * * *
The orc warrior hits you with a +0 long sword!
You die...

...............# #.........
.<.............# #.........
...............# #.........
...............# +.....####
...............########.....#...
............................'...
###############.............#...
#.............####
#@............#...
#o............+...
####+#.............#...
#.......#######+####...
#.......+...[.....##...
#.......#.........##...
#.....<.#..............
##.......#...###...##...
#.(......#...########...


You could see an orc warrior.

Vanquished Creatures
  Prince Ribbit (D:6)
  Grinder (D:6)
  Sigmund (D:4)
  A water moccasin (Sewer)
  A black bear (D:5)
  An ogre (D:6)
  2 sky beasts (D:6)
  A phantom (D:4)
  3 scorpions
  A howler monkey (D:6)
  A crimson imp (D:4)
  5 hounds
  5 iguanas
  An orc wizard (D:6)
  6 adders
  A river rat (D:5)
  2 worms
  2 dart slugs (D:1)
  13 orcs
  4 ball pythons
  8 endoplasms
  6 giant cockroaches
  7 goblins
  8 hobgoblins
  5 jackals
  7 quokkas
  A bat (D:3)
  A frilled lizard (D:3)
  3 kobolds
  6 rats
105 creatures vanquished.

Notes
Turn   | Place    | Note
-------+----------+-------------------------------------------
     0 | D:1      | gelatine the Demonspawn Fighter began the quest for the
                  | Orb.
     0 | D:1      | Reached XP level 1. HP: 18/18 MP: 1/1
   141 | D:1      | Gained mutation: You are partially covered in sharp spines.
                  | [demonic ancestry]
   141 | D:1      | Reached XP level 2. HP: 20/24 MP: 2/2
   594 | D:2      | Found the +8 trishula "Condemnation" {holy, anguish, *Noise
                  | Fly rN+}
   659 | D:2      | Found a radiant altar of Vehumet.
   676 | D:2      | Reached XP level 3. HP: 25/29 MP: 3/3
  1612 | D:3      | Reached XP level 4. HP: 33/35 MP: 4/4
  2171 | D:4      | Reached skill level 1 in Stealth
  2339 | D:4      | Noticed a phantom
  2363 | D:4      | Reached skill level 1 in Dodging
  2387 | D:4      | Killed a phantom
  2388 | D:4      | Reached skill level 1 in Spellcasting
  2388 | D:4      | Reached XP level 5. HP: 7/41 MP: 6/6
  2524 | D:4      | Identified the +0 leather armour "Wuvif" {rElec}
  2571 | D:4      | Reached skill level 1 in Staves
  2571 | D:4      | Reached skill level 1 in Ice Magic
  2718 | D:4      | Noticed Sigmund
  2722 | D:4      | Gained mutation: Your touch may inflict minor irresistible
                  | damage on your foes. [demonic ancestry]
  2722 | D:4      | Reached XP level 6. HP: 39/47 MP: 7/7
  2828 | D:4      | Killed Sigmund
  2829 | D:4      | Reached skill level 1 in Evocations
  2940 | D:4      | Found a burning altar of Makhleb.
  2941 | D:4      | Found a radiant altar of Vehumet.
  3375 | D:5      | Entered Level 5 of the Dungeon
  3382 | D:5      | Gained mutation: Your touch may inflict irresistible damage
                  | on your foes. [demonic ancestry]
  3382 | D:5      | Reached XP level 7. HP: 48/53 MP: 9/9
  3410 | D:5      | Found a runed translucent door.
  3410 | D:5      | Noticed Dordric's ghost (novice TrWr)
  3427 | D:5      | Found a runed translucent door.
  3473 | D:5      | Found a staircase to the Ecumenical Temple.
  3644 | D:5      | Found a glowing drain.
  3651 | Sewer    | Entered a sewer
  4300 | D:6      | Reached XP level 8. HP: 60/60 MP: 11/11
  4321 | D:6      | Noticed Grinder
  4337 | D:6      | Paralysed by Grinder for 4 turns
  4343 | D:6      | Killed Grinder
  4500 | D:6      | Noticed Prince Ribbit
  4504 | D:6      | Killed Prince Ribbit
  4505 | D:6      | Reached skill level 1 in Throwing
  4589 | D:6      | Found a runed translucent door.
  4589 | D:6      | Noticed avangion's ghost (novice DECj)
  4826 | D:6      | Slain by an orc warrior

Illustrated notes

Levels and vault maps discovered:
D:1:      lemuel_arrival_broad_hall, layout_basic
D:2:      layout_loops_ring, basic_altar
D:3:      layout_basic
D:4:      layout_gridville, grunt_temple_overflow_lords_of_destruction,
          uniq_sigmund
D:5:      layout_cave_pools, minmay_temple_entry_sparse_star,
          gup_sewer_entry_bubbles, ebering_ghost_sewer_f
D:6:      layout_gridville, hellmonk_ghost_happy_afterlife, uniq_grinder,
          uniq_prince_ribbit1

Skill      XL: |  1  2  3  4  5  6  7  8 |
---------------+-------------------------+-----
Axes           | 2 3 4 |  4.2
Armour         | 3 4 |  4.3
Shields        | 3 4 |  4.2
Stealth        | 1 2 3 |  3.2
Dodging        | 1 2 3 |  3.2
Spellcasting   | 1 2 |  2.7
Staves         | 1 2 |  2.0
Ice Magic      | 1 2 |  2.5
Evocations     | 1 2 3 |  3.1
Fighting       | 4 |  4.6
Throwing       | 1 |  1.5

Action                     |  1- 3 |  4- 6 |  7- 9 || total
---------------------------+-------+-------+-------++-------
  Melee: War axe           |    74 |    35 |   128 ||   237
         Staff             |     2 |   103 |       ||   105
  Throw: Dart              |       |     9 |    12 ||    21
         Boomerang         |       |       |    32 ||    32
    Use: Potion            |       |     1 |       ||     1
         Scroll            |       |       |    10 ||    10
   Stab: Sleeping          |       |     1 |       ||     1
 Armour: Scale mail        |    24 |       |       ||    24
         Leather armour    |     4 |    25 |    26 ||    55
  Dodge: Dodged            |    31 |    63 |    64 ||   158
         Repelled          |       |       |     1 ||     1
  Block: Buckler           |    16 |    20 |    26 ||    62
